 Dungeon Crawl Stone Soup version 0.24.0-1-gfbc8707 (webtiles) character file.

Game seed: 16856419148917284182, levelgen mode: deterministic

196 Exaltedone87 the Slasher (level 5, -1/40 HPs)
             Began as a Demonspawn Gladiator on Oct 27, 2019.
             Killed from afar by an orc wizard (6 damage)
             ... with a magic dart
             ... on level 3 of the Dungeon.
             The game lasted 00:07:32 (2863 turns).

Exaltedone87 the Slasher (Demonspawn Gladiator)     Turns: 2863, Time: 00:07:32

Health: -1/40      AC:  8    Str: 14    XL:     5   Next: 45%
Magic:  5/5        EV: 10    Int: 10    God:
Gold:   173        SH:  7    Dex: 15    Spells: 4/4 levels left

rFire    . . .     SeeInvis .   a - +1 long sword
rCold    . . .     Gourm    +   g - +0 shield
rNeg     . . .     Faith    .   b - +0 leather armour
rPois    .         Spirit   .   c - +1 helmet
rElec    .         Reflect  .   (no cloak)
rCorr    .         Harm     .   (no gloves)
MR       .....                  (no boots)
Stlth    +.........             o - amulet of the gourmand
HPRegen  0.13/turn              (no ring)
MPRegen  0.09/turn              (no ring)

@: hasted, very quick
A: molten scales 2
a: no special abilities


You were on level 3 of the Dungeon.
You were not hungry.

You visited 1 branch of the dungeon, and saw 3 of its levels.

You collected 173 gold pieces.

Inventory:

Hand Weapons
 a - a +1 long sword (weapon)
Missiles
 d - 5 throwing nets
 e - 3 boomerangs
 i - 2 silver boomerangs (quivered)
Armour
 b - a +0 leather armour (worn)
 c - a +1 helmet (worn)
 g - a +0 shield (worn)
 k - a +0 chain mail
Jewellery
 o - an amulet of the gourmand (around neck)
 p - an uncursed amulet of magic regeneration
 r - an uncursed ring of ice
Scrolls
 j - a scroll of teleportation
 n - a scroll of enchant armour
Potions
 h - 3 potions of lignification
 l - a potion of mutation {unknown}
 m - a potion of agility {unknown}
 q - a potion of haste
Comestibles
 f - 8 rations


   Skills:
 + Level 2.8 Fighting
 * Level 3.9 Long Blades
 + Level 2.6 Throwing
 + Level 1.5 Armour
 + Level 3.4 Dodging


You had 4 spell levels left.
You didn't know any spells.
Your spell library was empty.

Dungeon Overview and Level Annotations

Branches:
Dungeon (3/15)

Altars:


Innate Abilities, Weirdness & Mutations

You are mostly covered in molten scales. (AC +3)


Message History

The orc wizard closely misses you. The orc priest hits you with a +0 mace.
You block the orc wizard's attack. The orc hits you.
* * * LOW HITPOINT WARNING * * *
The orc hits you but does no damage.
Unknown command.
You hit the orc priest.
The orc priest is moderately wounded.
You block the orc wizard's attack.
The orc priest calls down the wrath of Beogh upon you.
Pain shoots through your body!
* * * LOW HITPOINT WARNING * * *
The orc barely misses you.
The orc wizard hits you but does no damage.
You block the orc's attack.
Really quaff the potion of lignification?
Okay, then.
It was a potion of haste.
You feel yourself speed up. The orc wizard casts a spell at you.
The magic dart hits you.
You die...

.................<.......#
.#.#...............####..
.#.##.#............##
##.##............>..
##.##..............#
#.#...............##
##.#.###............##..
.....# #.............?..
###.## #........@o...#.
....####.......ooo......
....#.............###.#.
......########.####
....### #... ....# #.....
##### ##....# # .$.... #
....##


You could see an orc priest, an orc wizard and 2 orcs.

Vanquished Creatures
  3 gnolls (D:3)
  10 adders
  2 oozes
  A worm (D:3)
  4 dart slugs (D:2)
  4 orcs (D:3)
  4 giant cockroaches
  A goblin (D:1)
  7 hobgoblins
  2 jackals (D:3)
  2 quokkas (D:3)
  A ball python (D:1)
  3 bats
  4 frilled lizards
  8 kobolds
  8 rats
64 creatures vanquished.

Notes
Turn   | Place    | Note
-------+----------+-------------------------------------------
     0 | D:1      | Exaltedone87 the Demonspawn Gladiator began the quest for
                  | the Orb.
     0 | D:1      | Reached XP level 1. HP: 16/16 MP: 1/1
   401 | D:1      | Gained mutation: You are partially covered in molten
                  | scales. (AC +2) [demonic ancestry]
   401 | D:1      | Reached XP level 2. HP: 19/22 MP: 2/2
  1099 | D:2      | Reached XP level 3. HP: 13/27 MP: 3/3
  1313 | D:2      | Reached skill level 1 in Armour
  1574 | D:2      | Reached XP level 4. HP: 29/34 MP: 4/4
  2440 | D:3      | Gained mutation: You are mostly covered in molten scales.
                  | (AC +3) [demonic ancestry]
  2440 | D:3      | Reached XP level 5. HP: 37/39 MP: 5/5
  2863 | D:3      | Killed from afar by an orc wizard

Levels and vault maps discovered:
D:1:      dpeg_arrival_arbitrary_c, layout_loops_corners, minmay_statues_item
D:2:      layout_loops_corners, minmay_quadrilaterals
D:3:      layout_rooms, amethyst_killhole, cheibrodos_gnoll_hut, uniq_ijyb

Skill      XL: |  1  2  3 |
---------------+----------+-----
Long Blades    | 3 |  3.9
Throwing       | 2 |  2.6
Dodging        | 3 |  3.4
Armour         | 1 |  1.5
Fighting       | |  2.8

Action                   |  1- 3 |  4- 6 || total
-------------------------+-------+-------++-------
Melee: Long sword        |    74 |    96 ||   170
Throw: Boomerang         |    11 |    31 ||    42
  Use: Scroll            |     3 |     4 ||     7
       Potion            |       |     2 ||     2
 Stab: Sleeping          |     1 |     2 ||     3
  Eat: Chunk             |     2 |    10 ||    12
Armor: Leather armour    |    22 |    47 ||    69
       Chain mail        |     5 |       ||     5
Dodge: Dodged            |    31 |    59 ||    90
Block: Shield            |    34 |    49 ||    83
       Rpst.: Long sword |    14 |    25 ||    39
